 Dungeon Crawl Stone Soup version 0.31-a0-188-g5e087ee2ca (webtiles) character file.

Game seed: 16745874468815952140

55 qw the Shooter (level 3, -1/20 HPs)
             Began as a Deep Elf Hunter on June 23, 2023.
             Killed from afar by a steam dragon (16 damage)
             ... with a ball of steam
             ... on level 3 of the Dungeon.
             The game lasted 00:00:37 (1428 turns).

qw the Shooter (Deep Elf Hunter)                    Turns: 1428, Time: 00:00:37

Health: -1/20      AC:  6    Str: 10    XL:     3   Next: 67%
Magic:  5/5        EV:  9    Int: 13    God:
Gold:   38         SH:  5    Dex: 18    Spells: 2/2 levels left

rFire   . . .        Y - +0 shortbow
rCold   . . .        (shield currently unavailable)
rNeg    . . .        d - +0 scale mail
rPois   .            (no helmet)
rElec   .            (no cloak)
rCorr   .            (no gloves)
SInv    .            (no boots)
Will    .....        h - amulet of reflection
Stlth   +            (no ring)
HPRegen 0.23/turn    (no ring)
MPRegen 0.09/turn

%: reflection
@: no status effects
A: no striking features
a: no special abilities


You were on level 3 of the Dungeon.
You visited 1 branch of the dungeon, and saw 3 of its levels.

You collected 38 gold pieces.


   Skills:
 - Level 1.5 Fighting
 + Level 7.2 Ranged Weapons
 - Level 2.4 Dodging
 - Level 1.2 Stealth


You had 2 spell levels left.
You didn't know any spells.
Your spell library was empty.

Inventory:

Hand Weapons
 Y - a +0 shortbow (weapon)
Armour
 d - a +0 scale mail (worn)
 f - a +0 pair of boots
Jewellery
 b - a ring of ice
 c - the ring of Caci {Int+5 SInv}
   (You found it on level 3 of the Dungeon)

   [ring of see invisible]

   Int:       It affects your intelligence (+5).
   SInv:      It lets you see invisible.
 h - an amulet of reflection (around neck)
Scrolls
 a - 2 scrolls of identify
 e - 2 scrolls of teleportation

Dungeon Overview and Level Annotations

Branches:
Dungeon (3/15)

Altars:
Kikubaaqudgha
Trog
Zin

Shops:
D:2 (


Message History

Enter note: You shoot an arrow.
The arrow hits the endoplasm.
The endoplasm is almost dead.
You shoot an arrow. The arrow hits the endoplasm!
You kill the endoplasm!
Found a flail.
Enter note: A kobold comes into view. It is wielding a +0 club.
The kobold shouts!
The kobold throws a stone.
You block the stone with an invisible shield... and reflect it back!
The stone barely misses the kobold.
You shoot an arrow. The arrow hits the kobold.
You kill the kobold!
A steam dragon comes into view.
You shoot an arrow.
The arrow closely misses the steam dragon.
The steam dragon hisses angrily.
The steam dragon breathes steam at you. The ball of steam misses you.
1421 ||| Stepping ~*~*~tactically~*~*~ (cloud).
You shoot an arrow.
The arrow barely misses the steam dragon.
You shoot an arrow. The arrow hits the steam dragon.
The steam dragon is lightly wounded.
You shoot an arrow. The arrow hits the steam dragon.
The steam dragon is moderately wounded.
You shoot an arrow. The arrow hits the steam dragon.
The steam dragon is moderately wounded.
You shoot an arrow. The arrow hits the steam dragon!
The steam dragon is heavily wounded.
The steam dragon bites you. The steam dragon barely misses you.
The steam dragon misses you.
The steam dragon claws you but does no damage.
You shoot an arrow.
The arrow closely misses the steam dragon.
The steam dragon breathes steam at you. The ball of steam hits you!
Ouch! That really hurt!
You die...

...... ....).. ...
.......#.. ..........
.)....... .D.......
......#### #......#
#...D@.# #....).#####
7..........# 7..(...###.#
77.....# #.#
7########.###
77777........#
~~~7PP~7.....%..### ##
~~.~.~~.......}...######.


You could see a steam dragon (catching breath).

Vanquished Creatures
  2 worms (D:2)
  3 dart slugs (D:1)
  3 endoplasms
  7 giant cockroaches
  4 goblins (D:1)
  3 hobgoblins
  3 quokkas
  4 ball pythons
  2 bats
  A frilled lizard (D:1)
  4 kobolds
  A rat (D:1)
37 creatures vanquished.

Notes
Turn   | Place    | Note
-------+----------+-------------------------------------------
     0 | D:1      | qw the Deep Elf Hunter began the quest for the Orb.
     0 | D:1      | Reached XP level 1. HP: 12/12 MP: 3/3
     0 | D:1      | 0 ||| qw: Version: 0.3-a-9-g12657ce
     0 | D:1      | 0 ||| qw: Game counter: 3268
     0 | D:1      | 0 ||| qw: Always use a shield: true
     0 | D:1      | 0 ||| qw: God list: Okawaru
     0 | D:1      | 0 ||| qw: Allow faded altars: false
     0 | D:1      | 0 ||| qw: Do Orc after D:15 true
     0 | D:1      | 0 ||| qw: Do second Lair branch before Depths: true
     0 | D:1      | 0 ||| qw: Lair rune preference: random
     0 | D:1      | 0 ||| qw: Plans: Normal
     0 | D:1      | 0 ||| PLANNING D:1-11
   193 | D:1      | 193 ||| FLEEEEING.
   194 | D:1      | 194 ||| FLEEEEING.
   195 | D:1      | 195 ||| FLEEEEING.
   196 | D:1      | 196 ||| FLEEEEING.
   197 | D:1      | 197 ||| FLEEEEING.
   202 | D:1      | 202 ||| FLEEEEING.
   203 | D:1      | 203 ||| FLEEEEING.
   217 | D:1      | 217 ||| FLEEEEING.
   218 | D:1      | 218 ||| FLEEEEING.
   219 | D:1      | 219 ||| FLEEEEING.
   236 | D:1      | 236 ||| UPGRADING to +0 scale mail.
   246 | D:1      | 246 ||| DROPPING +0 leather armour.
   247 | D:1      | 247 ||| READING scroll labelled YCIREMAVVACVYH.
   248 | D:1      | 248 ||| READING scroll labelled MAFROSTUEKH.
   249 | D:1      | 249 ||| READING scroll labelled NIJEAH UHEMILL.
   257 | D:1      | Reached skill level 6 in Ranged Weapons
   257 | D:1      | Reached XP level 2. HP: 13/16 MP: 4/4
   524 | D:1      | Reached XP level 3. HP: 19/20 MP: 5/5
   642 | D:1      | 642 ||| DROPPING scroll of butterflies.
   832 | D:2      | Found a bloodstained altar of Trog.
  1160 | D:2      | Reached skill level 7 in Ranged Weapons
  1194 | D:2      | Found Wugailibb's Antique Weapon Emporium.
  1275 | D:2      | 1275 ||| UPGRADING to amulet of reflection.
  1280 | D:2      | 1280 ||| READING scroll labelled BUBEASI PUVO.
  1281 | D:2      | 1281 ||| READING 4 scrolls of identify.
  1281 | D:2      | 1281 ||| IDENTIFYING purple potion
  1282 | D:2      | 1282 ||| READING 3 scrolls of identify.
  1282 | D:2      | 1282 ||| IDENTIFYING fuming puce potion
  1283 | D:2      | 1283 ||| DROPPING potion of degeneration.
  1284 | D:2      | 1284 ||| DROPPING potion of invisibility.
  1341 | D:3      | Identified the ring of Caci {Int+5 SInv}
  1350 | D:3      | Found an ancient bone altar of Kikubaaqudgha.
  1350 | D:3      | Found a glowing silver altar of Zin.
  1376 | D:3      | Found a faded altar of an unknown god.
  1419 | D:3      | Noticed a steam dragon
  1421 | D:3      | 1421 ||| Stepping ~*~*~tactically~*~*~ (cloud).
  1428 | D:3      | Killed from afar by a steam dragon

Levels and vault maps discovered:
D:1:      minmay_arrival_semitransparent, layout_loops_ring,
          kennysheep_flooded_box
D:2:      layout_basic, basic_altar, serial_shops,
          nicolae_shop_just_a_little_nook
D:3:      layout_basic, gammafunk_temple_overflow_wave,
          hellmonk_ecumenical_altar_run_dry, hangedman_decor_points,
          serial_bayou_crossing

Skill      XL: |  1  2  3 |
---------------+----------+-----
Ranged Weapons | 6 7 |  7.2
Fighting       | |  1.5
Dodging        | |  2.4
Stealth        | |  1.2

Action                     || total
---------------------------++-------
   Fire: Shortbow          ||   112
    Use: Scroll            ||     6
 Armour: Scale mail        ||    22
  Dodge: Dodged            ||    17
  Block: Other             ||     1
         Reflection        ||     1

Table legend:
 A = Non-vault XP
 B = Vault XP
 C = Vault XP percentage of total XP
 D = Non-vault monster count
 E = Vault monster count
 F = Vault count percentage of total count
                 A         B        C        D         E       F
            +---------+---------+-------+---------+---------+-------
      Total |      79 |       0 |   0.0 |      37 |       0 |   0.0
            +---------+---------+-------+---------+---------+-------
        D:1 |      43 |       0 |   0.0 |      21 |       0 |   0.0
        D:2 |      28 |       0 |   0.0 |      12 |       0 |   0.0
        D:3 |       8 |       0 |   0.0 |       4 |       0 |   0.0
            +---------+---------+-------+---------+---------+-------
